 Dungeon Crawl Stone Soup version 0.21-a0-279-g6037ffb (webtiles) character file.

18 northernlights the Bolt Thrower (level 2, 0/18 HPs)
             Began as a Kobold Hunter on Sept 23, 2017.
             Slain by an adder (4 damage)
             ... on level 1 of the Dungeon.
             The game lasted 00:02:17 (1204 turns).

northernlights the Bolt Thrower (Kobold Hunter)     Turns: 1204, Time: 00:02:18

Health: 0/18       AC:  5    Str: 13    XL:     2   Next: 85%
Magic:  2/2        EV: 15    Int: 12    God:
Gold:   34         SH:  0    Dex: 15    Spells: 1/1 levels left

rFire    . . .     SeeInvis .   b - +0 short sword
rCold    . . .     Gourm    .   (shield restricted)
rNeg     . . .     Faith    .   c - +0 leather armour
rPois    .         Spirit   .   g - +0 helmet
rElec    .         Reflect  .   (no cloak)
rCorr    .         Harm     .   l - +0 pair of gloves
MR       .....                  (no boots)
Stlth    ++........             (no amulet)
HPRegen  0.06/turn              m - +4 ring of strength
MPRegen  0.08/turn              (no ring)

@: lethally poisoned (0 -> -6)
A: carnivore 3
a: no special abilities


You were on level 1 of the Dungeon.
You were very full.

You visited 1 branch of the dungeon, and saw 2 of its levels.

You collected 34 gold pieces.

Inventory:

Hand Weapons
 a - a +1 hand crossbow
 b - a +0 short sword (weapon)
Missiles
 d - 20 bolts
 k - 39 stones (quivered)
Armour
 c - a +0 leather armour (worn)
 g - a +0 helmet (worn)
 l - a +0 pair of gloves (worn)
Jewellery
 m - a +4 ring of strength (left hand)
Scrolls
 e - 2 scrolls of identify {unknown}
 h - 2 scrolls of remove curse {unknown}
 j - a scroll of recharging {unknown}
Comestibles
 f - a meat ration


   Skills:
 + Level 2.3 Fighting
 * Level 2.0 Short Blades
 - Level 4.8 Crossbows
 - Level 2.4 Dodging
 * Level 2.5 Stealth


You had one spell level left.
You didn't know any spells.

Dungeon Overview and Level Annotations

Branches:
Dungeon (2/15)

Altars:

Annotations:
D:2 Terence


Innate Abilities, Weirdness & Mutations

You are small and have problems with some larger weapons.
You are carnivorous and can eat meat at any time.


Message History

The adder is severely wounded.
The adder bites you but does no damage.
You hit the adder but do no damage.
The adder is severely wounded.
The adder bites you.
You closely miss the adder.
The adder is severely wounded.
The adder bites you.
You are poisoned.
The adder poisons you! The adder bites you.
You closely miss the adder.
The adder is severely wounded.
* * * LOW HITPOINT WARNING * * *
You feel sick. The adder closely misses you.
Unknown command.
You closely miss the adder.
The adder is severely wounded.
* * * LOW HITPOINT WARNING * * *
You feel sick. The adder bites you.
You die...

######### ##########
###.......#######........#
..........#..............#
..........'.....@........#
..........#......S.......########
..........######.................
..........# #.###'#...########
.......#.## #.# #.#...#
.......#.# #.# #.#...#
.......#.#######'###(#...#
.......#.#........##.....#
.......#.#........####...#


You could see an adder.

Vanquished Creatures
  A dart slug (D:1)
  2 leopard geckos (D:1)
  3 goblins (D:1)
  2 jackals (D:1)
  A ball python (D:2)
  A bat (D:1)
  3 kobolds
13 creatures vanquished.

Notes
Turn   | Place    | Note
-------+----------+-------------------------------------------
     0 | D:1      | northernlights the Kobold Hunter began the quest for the Orb.
     0 | D:1      | Reached XP level 1. HP: 12/12 MP: 1/1
    94 | D:1      | Reached skill level 1 in Short Blades
   217 | D:1      | Reached XP level 2. HP: 10/17 MP: 2/2
  1138 | D:2      | Noticed Terence
  1204 | D:1      | Slain by an adder

Vault maps used:
D:1:      tarquinn_simple_flora_water_a
D:2:      uniq_terence

Skill      XL: |  1  2 |
---------------+-------+-----
Short Blades   | 1 2 |  2.0
Stealth        | 2 |  2.5
Fighting       | |  2.3
Crossbows      | |  4.8
Dodging        | |  2.4

Action                   || total
-------------------------++-------
Melee: Short sword       ||    57
 Fire: Hand crossbow     ||     2
  Use: Potion            ||     1
 Stab: Sleeping          ||     2
  Eat: Chunk             ||     8
Armor: Leather armour    ||    10
Dodge: Dodged            ||    45

Table legend:
 A = Spawn XP
 B = Non-spawn XP
 C = Spawn XP percentage of total XP
 D = Spawn monster count
 E = Non-spawn monster count
 F = Spawn count percentage of total count
 G = Total turns spent on level
                    A         B        C        D         E        F      G
               +---------+---------+-------+---------+---------+-------+---------
         Total |       0 |      26 |   0.0 |       0 |      13 |   0.0 |  1204
               +---------+---------+-------+---------+---------+-------+---------
           D:1 |       0 |      24 |   0.0 |       0 |      11 |   0.0 |  1025
           D:2 |       0 |       2 |   0.0 |       0 |       2 |   0.0 |   179
               +---------+---------+-------+---------+---------+-------+---------
